 Dungeon Crawl Stone Soup version 0.25-a0-294-gea9b1ad378 (webtiles) character file.

Game seed: 17053954967143684687, levelgen mode: deterministic

1948 Redear the Covert (level 9, -1/63 HPs)
             Began as an Octopode Fighter on Dec 18, 2019.
             Slain by a wraith (13 damage)
             ... in an ossuary.
             The game lasted 00:13:22 (6858 turns).

Redear the Covert (Octopode Fighter)                Turns: 6858, Time: 00:13:22

Health: -1/63      AC:  1    Str: 15    XL:     9   Next: 18%
Magic:  9/9        EV: 15    Int: 10    God:
Gold:   318        SH: 10    Dex: 15    Spells: 8/8 levels left

rFire    . . .     SeeInvis .   k - +2 short sword (speed)
rCold    . . .     Gourm    .   b - +0 shield
rNeg     . . .     Faith    .   (helmet restricted)
rPois    .         Spirit   .   (no amulet)
rElec    .         Reflect  .   (no ring)
rCorr    .         Harm     .   (no ring)
MR       .....                  (no ring)
Stlth    +++++.....             (no ring)
HPRegen  0.20/turn              (no ring)
MPRegen  0.11/turn              (no ring)
                                (no ring)
                                (no ring)

@: slowed, very slow
A: almost no armour, stealthy swim, amphibious, 8 rings, constrict 8, camouflage
1, gelatinous body 1
a: no special abilities


You were in an ossuary.
You were hungry.

You visited 2 branches of the dungeon, and saw 8 of its levels.
You also visited: Ossuary.

You collected 318 gold pieces.

Inventory:

Hand Weapons
 a - a +0 long sword
 k - a +2 short sword of speed (weapon)
 u - a +3 scimitar
Missiles
 n - 37 poisoned darts (quivered)
 Z - 2 throwing nets {+f}
Armour
 b - a +0 shield (worn)
Magical Staves
 q - an uncursed staff of power {MP+15}
Jewellery
 m - an uncursed ring of ice {rC+ rF-}
 A - an uncursed ring of resist corrosion {unknown}
Wands
 v - a wand of random effects (17)
 S - a wand of scattershot (1)
Scrolls
 d - 2 scrolls of random uselessness
 i - 3 scrolls of enchant armour
 j - 2 scrolls of amnesia
 r - 3 scrolls of fear
 w - a scroll of noise {unknown}
 y - a scroll of silence {unknown}
 B - a scroll of blinking {@r4}
 M - 3 scrolls of magic mapping
 N - 6 scrolls of remove curse
 T - 3 scrolls of teleportation
Potions
 c - 3 potions of might {Str+5 DMG+1d10 | @q3}
 f - a potion of brilliance {unknown}
 g - 2 potions of agility {unknown}
 h - 5 potions of heal wounds {unknown}
 l - 2 potions of flight {unknown}
 o - a potion of mutation {unknown}
 s - a potion of invisibility {unknown}
 x - a potion of cancellation {unknown}
 D - 2 potions of ambrosia {unknown}
 Q - 2 potions of curing {@q2}
Comestibles
 z - 14 rations


   Skills:
 + Level 6.5 Fighting
 - Level 2.0 Long Blades
 + Level 6.6 Dodging
 + Level 8.2 Stealth
 + Level 6.5 Shields


You had 8 spell levels left.
You didn't know any spells.
Your spell library was empty.

Dungeon Overview and Level Annotations

Branches:
Dungeon (7/15)             Temple (1/1) D:5         Ossuary (1/1)

Altars:
Ashenzari
Dithmenos
Elyvilon
Fedhas
Gozag
Kikubaaqudgha
Nemelex Xobeh
Qazlal
Ru
Trog
Uskayaw
Vehumet
Wu Jian
Xom
Yredelemnul
The Shining One

Annotations:
D:7 1 runed translucent door, Skull's ghost, novice HOBe


Innate Abilities, Weirdness & Mutations

You cannot wear most types of armour.
You are very stealthy in the water. (Stealth+)
You are amphibious.
You can wear up to eight rings at the same time.
You can use your tentacles to constrict eight enemies at once.
Your skin changes colour to match your surroundings (Stealth+).
Your rubbery body absorbs attacks. (AC +1, EV +1)


Message History

You block the wraith's attack. The wraith misses you.
Evoke which item? (* to show all) (? for menu, Esc to quit)
Aiming: Scattershot
Press: ? - help, Shift-Dir - straight line, f/p - wraith
Aim: a wraith (almost destroyed)
The burst of metal fragments hits the wraith but does no damage. x3
The wraith is almost destroyed.
You feel yourself speed up. The wraith hits you!
* * * LOW HITPOINT WARNING * * *
The wraith drains your vigour!
You feel yourself slow down.
You take 9 damage, and have 12/63 hp.
Evoke which item? (* to show all) (? for menu, Esc to quit)
Aiming: Scattershot
Press: ? - help, Shift-Dir - straight line, f/p - wraith
Aim: a wraith (almost destroyed)
The burst of metal fragments hits the wraith but does no damage. x4
The wraith is almost destroyed.
The wraith hits you!
You die...

.^....#.#.............###...##
...^..................##..^..##
.####.^...####..####..'...∩.^.#
#.'...8...'?#...'.#..'...^...#W#
.####....^####..####..'.^.∩...###
....................^.##.....##
......#.#.^...........###...##
......#'#^......####..# ##.##
..8...#?#...8...@W!#..# ###
......###.......####..# #W#
......................#
.#.#..#.#..#.#........#
.#+#..#'#.^#+#..####..# .
..#.#..# #...+ .# ###..# #..## #
.... .... ..^........


You could see a wraith.

Vanquished Creatures
  An orc warrior (D:7)
  An ice beast (D:6)
  A black bear (D:6)
  A phantom (D:5)
  3 ogres
  A centaur (D:7)
  4 bullfrogs
  2 scorpions (D:4)
  5 wights
  A howler monkey (D:4)
  3 crimson imps
  A bullfrog zombie (D:6)
  2 quasits
  An orc priest (D:4)
  An iguana (D:6)
  An orc wizard (D:3)
  3 worker ants
  A killer bee zombie (D:6)
  A big kobold zombie (Ossuary)
  A mummy (Ossuary)
  10 adders
  2 shadow imps (D:6)
  An ooze (D:4)
  4 worms
  6 dart slugs
  6 leopard geckos
  21 orcs
  3 ball pythons
  10 bats
  5 giant cockroaches
  9 goblins
  8 hobgoblins
  6 jackals (D:1)
  7 kobolds
  2 quokkas
  7 frilled lizards
  2 goblin zombies (Ossuary)
  A hobgoblin zombie (Ossuary)
  A jackal skeleton (D:5)
  5 kobold zombies (Ossuary)
  7 rats
158 creatures vanquished.

Notes
Turn   | Place    | Note
-------+----------+-------------------------------------------
     0 | D:1      | Redear the Octopode Fighter began the quest for the Orb.
     0 | D:1      | Reached XP level 1. HP: 16/16 MP: 1/1
    62 | D:1      | Reached skill level 1 in Stealth
    62 | D:1      | Reached XP level 2. HP: 8/21 MP: 2/2
   412 | D:1      | Reached XP level 3. HP: 16/26 MP: 3/3
   667 | D:1      | Reached skill level 2 in Stealth
   946 | D:2      | Reached XP level 4. HP: 15/31 MP: 4/4
  1726 | D:3      | Reached skill level 3 in Stealth
  1764 | D:3      | Reached XP level 5. HP: 37/37 MP: 5/5
  2350 | D:4      | Reached skill level 4 in Fighting
  2350 | D:4      | Reached skill level 4 in Dodging
  2684 | D:4      | Reached skill level 4 in Shields
  2776 | D:4      | Reached skill level 4 in Stealth
  2776 | D:4      | Reached XP level 6. HP: 20/43 MP: 6/6
  3424 | D:4      | Noticed a phantom
  3666 | D:4      | Found a hide-covered altar of Uskayaw.
  3913 | D:4      | Reached XP level 7. HP: 33/49 MP: 7/7
  3994 | D:5      | Entered Level 5 of the Dungeon
  3994 | D:5      | Found a staircase to the Ecumenical Temple.
  4002 | Temple   | Entered the Ecumenical Temple
  4114 | D:5      | Reached skill level 5 in Stealth
  4535 | D:5      | Reached skill level 5 in Fighting
  4535 | D:5      | Reached skill level 5 in Dodging
  4535 | D:5      | Reached skill level 5 in Shields
  4559 | D:5      | Reached skill level 6 in Stealth
  4567 | D:5      | Reached XP level 8. HP: 31/55 MP: 8/8
  5241 | D:6      | Found Ilauxt's Weapon Emporium.
  5387 | D:6      | Reached skill level 7 in Stealth
  5509 | D:6      | Reached skill level 6 in Dodging
  5542 | D:6      | Reached skill level 6 in Fighting
  5545 | D:6      | Reached skill level 6 in Shields
  6021 | D:6      | Found an ornate altar of the Wu Jian Council.
  6021 | D:6      | Found a sacrificial altar of Ru.
  6184 | D:7      | Noticed Skull's ghost (novice HOBe)
  6188 | D:7      | Found a runed translucent door.
  6286 | D:7      | Reached XP level 9. HP: 31/63 MP: 9/9
  6395 | D:7      | Reached skill level 8 in Stealth
  6580 | D:7      | Found a sand-covered staircase.
  6589 | Ossuary  | Entered an ossuary
  6858 | Ossuary  | Slain by a wraith

Levels and vault maps discovered:
D:1:      scummos_arrival_checkerplants, layout_loops_corners
D:2:      layout_basic
D:3:      layout_loops_ring
D:4:      layout_basic, eat_drink_and_be_merry_uskayaw
D:5:      layout_rooms, minmay_temple_entry_statues, first_ration
D:6:      layout_basic, gammafunk_temple_overflow_elements, serial_shops,
          shop_fountains
D:7:      layout_cave_pools, minitemple, hellmonk_ghost_happy_afterlife,
          nicolae_ossuary_entry_plus
Temple:   cyrus_circular_temple
Ossuary:  ossuary_kennysheep_city_of_the_dead

Skill      XL: |  1  2  3  4  5  6  7  8  9 |
---------------+----------------------------+-----
Stealth        | 1 2 3 4 6 7 8 |  8.2
Fighting       | 4 5 6 |  6.5
Dodging        | 4 5 6 |  6.6
Shields        | 4 5 6 |  6.5
Long Blades    | |  2.0

Action                   |  1- 3 |  4- 6 |  7- 9 || total
-------------------------+-------+-------+-------++-------
Melee: Long sword        |    77 |    12 |       ||    89
       Tentacles         |    14 |    22 |    58 ||    94
       Constrict         |    22 |    31 |    38 ||    91
       Short sword       |       |   126 |   239 ||   365
Evoke: Wand              |       |       |     4 ||     4
  Use: Scroll            |       |     2 |     8 ||    10
       Potion            |       |       |     5 ||     5
 Stab: Sleeping          |    12 |    10 |    17 ||    39
  Eat: Chunk             |       |     9 |     9 ||    18
Armor: Skin              |     7 |     3 |     7 ||    17
Dodge: Dodged            |    31 |    42 |    78 ||   151
Block: Shield            |    29 |    37 |    83 ||   149
       Rpst.: Long sword |    11 |     1 |       ||    12

Table legend:
 A = Non-vault XP
 B = Vault XP
 C = Vault XP percentage of total XP
 D = Non-vault monster count
 E = Vault monster count
 F = Vault count percentage of total count
                 A         B        C        D         E       F
            +---------+---------+-------+---------+---------+-------
      Total |    2734 |      50 |   1.8 |     148 |      10 |   6.3
            +---------+---------+-------+---------+---------+-------
        D:1 |      59 |       0 |   0.0 |      32 |       0 |   0.0
        D:2 |      72 |       0 |   0.0 |      26 |       0 |   0.0
        D:3 |      82 |       0 |   0.0 |      18 |       0 |   0.0
        D:4 |     494 |       0 |   0.0 |      23 |       0 |   0.0
        D:5 |     795 |       0 |   0.0 |      21 |       0 |   0.0
        D:6 |     744 |       0 |   0.0 |      17 |       0 |   0.0
        D:7 |     488 |       0 |   0.0 |      11 |       0 |   0.0
    Ossuary |       0 |      50 | 100.0 |       0 |      10 | 100.0
            +---------+---------+-------+---------+---------+-------
